 Dungeon Crawl Stone Soup version 0.30-a0-1160-g6e42c06551 (webtiles) character file.

Game seed: 9470000617378024318

39042 pokedragonboy the Devastator (level 14, -4/70 HPs)
             Began as a Tengu Conjurer on Apr 24, 2023.
             Was a High Priest of Vehumet.
             Slain by a komodo dragon (7 damage)
             ... while petrified by a basilisk
             ... on level 5 of the Lair of Beasts on Apr 25, 2023.
             The game lasted 01:09:01 (21275 turns).

pokedragonboy the Devastator (Tengu Conjurer)      Turns: 21275, Time: 01:09:01

Health: -4/70      AC: 27    Str:  2    XL:     14   Next: 4%
Magic:  20/38      EV:  2    Int: 30    God:    Vehumet [*****.]
Gold:   392        SH:  0    Dex: 10    Spells: 9/33 levels left

rFire   . . .        b - staff of air "Ostil" {rElec Str-5 Int+2 SInv}
rCold   . . .        (no shield)
rNeg    + + +        G - +19 Cigotuvi's embrace {Corpsefed rMiasma Drain rN+}
rPois   ∞            S - +0 hat
rElec   +            t - +1 cloak
rCorr   .            u - +0 pair of gloves "Isixomu" {rN++ Int+5 Dex-4}
SInv    +            (boots unavailable)
Will    +....        T - amulet of faith
Stlth   +            H - ring of poison resistance
HPRegen 0.31/turn    D - ring of the Octopus King {HP+2 MP+9 AC+2 EV+2 SH+2}
MPRegen 0.26/turn

%: faith
@: petrified, flying quickly and evasively, slowed, quick
A: beak, talons 3, nimble flight
a: Renounce Religion


You were on level 5 of the Lair of Beasts.
You worshipped Vehumet.
Vehumet was extremely pleased with you.
You visited 3 branches of the dungeon, and saw 16 of its levels.
You also visited: Sewer and Gauntlet.

You collected 912 gold pieces.
You spent 520 gold pieces at shops.

Inventory:

Hand Weapons
 a - a +3 long sword of draining
Missiles
 I - a throwing net
Armour
 h - an orb of energy
 r - the +2 robe of Inudavoz {rPois rF- Dex+3}
   (You found it on level 5 of the Dungeon)

   Dex:       It affects your dexterity (+3).
   rF:        It makes you vulnerable to fire.
   rPois:     It protects you from poison.
 t - a +1 cloak (worn)
 u - the +0 pair of gloves "Isixomu" (worn) {rN++ Int+5 Dex-4}
   (You found it on level 5 of the Dungeon)

   Int:       It affects your intelligence (+5).
   Dex:       It affects your dexterity (-4).
   rN:        It greatly protects you from negative energy.
 G - the +19 Cigotuvi's embrace (worn) {Corpsefed rMiasma Drain rN+}
   (You found it on level 3 of the Lair of Beasts)

   Corpsefed: It gathers nearby corpses to temporarily increase the armour it
   provides.
   rMiasma:   It protects you from foul pestilence.
   rN:        It protects you from negative energy.
   Drain:     It drains your maximum health when unequipped.
 K - a +2 robe of willpower
 S - a +0 hat (worn)
Magical Staves
 b - the staff of air "Ostil" (weapon) {rElec Str-5 Int+2 SInv}
   (You took it off a minotaur in a Gauntlet)

   [staff of air]

   Base accuracy: +5 Base damage: 5 Base attack delay: 1.2 This weapon's minimum
   attack delay (0.6) is reached at skill level 12.
   Str:       It affects your strength (-5).
   Int:       It affects your intelligence (+2).
   rElec:     It insulates you from electricity.
   SInv:      It lets you see invisible.
   It falls into the 'Staves' category.
   It is a one-handed weapon.
Jewellery
 v - a ring of protection from fire
 D - a ring of the Octopus King (right hand) {HP+2 MP+9 AC+2 EV+2 SH+2}
   (You took it off a minotaur in a Gauntlet)

   [ring of magical power]

   AC:        It affects your AC (+2).
   EV:        It affects your evasion (+2).
   HP:        It affects your health (+2).
   MP:        It affects your magic capacity (+9).
   SH:        It affects your SH (+2).
 H - a ring of poison resistance (left hand)
 L - an amulet of magic regeneration
 T - an amulet of faith (around neck)
Wands
 s - a wand of polymorph (21)
 y - a wand of flame (61)
 z - a wand of roots (33)
 A - a wand of charming (7)
 P - a wand of quicksilver (9)
Scrolls
 d - 5 scrolls of blinking
 e - 7 scrolls of teleportation
 l - 2 scrolls of poison
 B - a scroll of vulnerability
 F - a scroll of immolation
 O - a scroll of amnesia {unknown}
 U - a scroll of summoning {unknown}
Potions
 c - 5 potions of haste
 f - 4 potions of brilliance
 g - 5 potions of attraction
 i - a potion of magic
 j - 2 potions of mutation
 k - 2 potions of lignification
 n - 5 potions of heal wounds
 o - a potion of degeneration {unknown}
 p - 2 potions of ambrosia
 q - 2 potions of berserk rage
 w - a potion of resistance {unknown}
 x - 2 potions of might
 C - 8 potions of curing
 E - a potion of cancellation {unknown}
 J - a potion of invisibility {unknown}
Miscellaneous
 m - a lightning rod (4/4)
 Q - a phantom mirror
 R - a phial of floods
 V - a tin of tremorstones (2/2)


   Skills:
 + Level 3.0 Dodging
 - Level 2.0 Stealth
 + Level 10.2 Spellcasting
 * Level 19.8 Conjurations
 + Level 11.7 Fire Magic
 - Level 13.5 Air Magic


You had 9 spell levels left.
You knew the following spells:

 Your Spells              Type           Power      Damage    Failure   Level
a - Magic Dart            Conj           100%       1d8       0%          1
b - Searing Ray           Conj           100%       2d8       0%          2
c - Fireball              Conj/Fire      42%        3d17      1%          5
d - Iskenderun's Mystic   Conj/Tloc      66%        2d14      1%          4
e - Plasma Beam           Fire/Air       47%        2x1d68    1%          6
f - Starburst             Conj/Fire      42%        6d12      1%          6

Your spell library contained the following spells:

 Spells                   Type           Power      Damage    Failure   Level
 Sticky Flame             Conj/Fire      84%        2d10      1%          4
 Foxfire                  Conj/Fire      100%       2x1d9     0%          1
 Cigotuvi's Dreadful Rot  Necr/Pois/Air  100%       N/A       1%          2
 Dazzling Flash           Conj/Hex       100%       N/A       1%          3
 Hailstorm                Conj/Ice       66%        3d14      1%          3
 Vhi's Electric Charge    Tloc/Air       100%       N/A       1%          3
 Fulminant Prism          Conj/Hex       33%        3d15      1%          4
 Arcjolt                  Conj/Air       54%        1d64      1%          5
 Freeze                   Ice            60%        1d7       2%          1
 Summon Lightning Spire   Summ/Air       71%        N/A       4%          4
 Frozen Ramparts          Ice            30%        1d5       7%          3
 Slow                     Hex            60%        N/A       8%          1
 Silence                  Hex/Air        35%        N/A       13%         5
 Confusing Touch          Hex            15%        N/A       24%         3
 Portal Projectile        Hex/Tloc       30%        N/A       24%         3
 Tukima's Dance           Hex            15%        N/A       24%         3
 Vampiric Draining        Necr           15%        2d7       24%         3
 Maxwell's Capacitive Co  Air            49%        ∞         43%         8
 Lee's Rapid Deconstruct  Erth           7%         3d7*      45%         5
 Dispel Undead            Necr           15%        3d10      61%         4
 Leda's Liquefaction      Hex/Erth       7%         N/A       61%         4
 Petrify                  Tmut/Erth      15%        N/A       61%         4
 Agony                    Necr           15%        N/A       91%         5
 Blade Hands              Tmut           7%         N/A       91%         5
 Metabolic Englaciation   Hex/Ice        7%         N/A       91%         5
 Storm Form               Tmut/Air       35%        N/A       99%         7
 Death Channel            Necr           7%         N/A       100%        6
 Statue Form              Tmut/Erth      10%        N/A       100%        6


Dungeon Overview and Level Annotations

Branches:
Dungeon (10/15)            Temple (1/1) D:4            Lair (5/5) D:9
  Swamp (0/4) Lair:3       Spider (0/4) Lair:2          Orc (0/2) D:10
  Sewer (visited)         Gauntlet (visited)
  Slime: Lair:4-5

Altars:
Ashenzari
Cheibriados
Dithmenos
Elyvilon
Fedhas
Gozag
Hepliaklqana
Kikubaaqudgha
Makhleb
Nemelex Xobeh
Okawaru
Qazlal
Ru
Sif Muna
Trog
Uskayaw
Vehumet
Wu Jian
Xom
Yredelemnul
Zin
The Shining One

Shops:
D:4 =(:(   D:6 :   D:7 *

Annotations:
D:9 3 runed translucent doors, exclusion: door, Orangeyouglad's ghost, novice HuEE


Innate Abilities, Weirdness & Mutations

You have a beak for a mouth.
You have claws for feet.
Your magical nature lets you fly swiftly and evasively.


Message History

Your shell of carrion and bone grows thicker.
A black mamba comes into view.
A seven-headed hydra comes into view.
The komodo dragon bites you!! The komodo dragon barely misses you.
The basilisk gazes at you.
You easily resist.
A cane toad comes into view.
You have turned to stone.
Your Dodging skill increases to level 3!
The torpor snail bites you but does no damage.
The komodo dragon bites you.
The basilisk bites you but does no damage.
The basilisk bites you. The komodo dragon barely misses you.
The torpor snail bites you but does no damage.
The black mamba bites you but does no damage.
The black mamba bites you but does no damage.
The komodo dragon bites you but does no damage.
The basilisk gazes at you.
You easily resist.
The black mamba bites you but does no damage. x2
The torpor snail bites you. The komodo dragon bites you!
The basilisk bites you. The black mamba bites you! The torpor snail bites you.
The basilisk bites you but does no damage.
The komodo dragon bites you but does no damage. x2
The cane toad stings you but does no damage.
The komodo dragon bites you but does no damage.
The basilisk bites you. The komodo dragon bites you!
The seven-headed hydra bites you but does no damage.
The seven-headed hydra barely misses you.
The seven-headed hydra bites you. The seven-headed hydra bites you!
* * * LOW HITPOINT WARNING * * *
The seven-headed hydra bites you. The seven-headed hydra bites you!
* * * LOW HITPOINT WARNING * * *
The seven-headed hydra bites you!
* * * LOW HITPOINT WARNING * * *
The cane toad stings you!
* * * LOW HITPOINT WARNING * * *
The torpor snail bites you but does no damage.
The komodo dragon bites you!
You die...

.#.............
#..............
#............♣
.#...........♣♣
..............♣
............♣♣
........D....♣♣
......l@lS.....
#.....Fwl....♣♣
#............♣
.............♣
............♣♣
..............
#.............♣
#............♣♣


You could see a seven-headed hydra, a torpor snail, 2 komodo dragons, a black
mamba, a cane toad and a basilisk.

Vanquished Creatures
  A minotaur (Gauntlet)
  A catoblepas (Gauntlet)
  4 hydras
  4 two-headed ogres
  A death scarab (Gauntlet)
  Erica (D:10)
  A death yak (Lair:1)
  Sonja (D:10)
  Nergalle (Lair:1)
  A skyshark (Lair:4)
  6 elephants (Lair:4)
  Joseph (D:10)
  2 black mambas (Lair:2)
  4 gargoyles
  11 cane toads
  Psyche (D:9)
  3 rime drakes
  7 komodo dragons
  A spectral dream sheep (Gauntlet)
  Sigmund (D:5)
  11 blink frogs
  A jumping spider (Lair:2)
  A wraith (D:10)
  50 yaks
  Eustachio (D:6)
  3 wyverns
  A human (D:10)
  A redback (Lair:2)
  6 vampire mosquitoes
  2 basilisks (Lair:2)
  2 large abominations (Gauntlet)
  Edmund (D:6)
  An acid dragon (D:9)
  10 water moccasins
  2 ice beasts
  A sky beast (D:7)
  2 black bears
  5 orc warriors
  6 small abominations (Gauntlet)
  An ogre (D:6)
  8 wolves
  6 centaurs
  A phantom (D:5)
  6 kobold brigands
  15 bullfrogs
  2 scorpions (D:7)
  10 wights
  A killer bee (D:8)
  2 howler monkeys
  5 electric eels
  2 jellies
  2 hounds
  16 orc priests
  4 iguanas
  A sleepcap (D:8)
  10 orc wizards
  5 hell rats (Lair:4)
  8 adders
  4 gnolls (D:2)
  3 river rats
  2 white imps
  An ufetubus (D:6)
  A worm (D:4)
  3 dart slugs
  40 orcs
  7 endoplasms
  3 giant cockroaches
  8 goblins
  5 hobgoblins
  4 jackals (Sewer)
  4 quokkas
  9 ball pythons
  3 bats
  4 frilled lizards
  12 kobolds
  6 rats
384 creatures vanquished.

Vanquished Creatures (others)
  A bush (Lair:1)
  7 fungi
  41 plants
49 creatures vanquished.

Grand Total: 433 creatures vanquished

Notes
Turn   | Place    | Note
-------+----------+-------------------------------------------
     0 | D:1      | pokedragonboy the Tengu Conjurer began the quest for the
                  | Orb.
     0 | D:1      | Reached XP level 1. HP: 10/10 MP: 4/4
   156 | D:1      | Reached XP level 2. HP: 15/15 MP: 1/6
   221 | D:1      | Learned a level 2 spell: Searing Ray
   727 | D:2      | Reached skill level 6 in Conjurations
  1110 | D:2      | Reached XP level 3. HP: 19/19 MP: 2/7
  1637 | D:2      | Reached skill level 1 in Air Magic
  1637 | D:2      | Reached XP level 4. HP: 6/24 MP: 0/8
  1718 | D:2      | Reached skill level 1 in Fire Magic
  2701 | D:3      | Found a hazy altar of Hepliaklqana.
  3065 | D:4      | Reached skill level 7 in Conjurations
  3065 | D:4      | Gained mutation: Your magical nature lets you fly swiftly
                  | and evasively. [Tengu growth]
  3065 | D:4      | Reached XP level 5. HP: 28/28 MP: 3/10
  3362 | D:4      | Found Ytuawkeu's Antique Weapon Emporium.
  3388 | D:4      | Found a staircase to the Ecumenical Temple.
  3430 | Temple   | Entered the Ecumenical Temple
  3661 | Temple   | Became a worshipper of Vehumet
  3817 | D:4      | Noticed a black bear
  3838 | D:4      | Killed a black bear
  3839 | D:4      | Reached XP level 6. HP: 32/32 MP: 3/11
  4161 | D:4      | Found Jitzur's Jewellery Shoppe.
  4162 | D:4      | Found Aginyet's Book Shop.
  4172 | D:4      | Found Gumenenu's Weapon Shoppe.
  4523 | D:5      | Entered Level 5 of the Dungeon
  4575 | D:5      | Found a snail-covered altar of Cheibriados.
  4576 | D:5      | Found a bloodstained altar of Trog.
  4827 | D:5      | Reached skill level 8 in Conjurations
  4969 | D:5      | Reached XP level 7. HP: 36/36 MP: 7/13
  4977 | D:5      | Identified the +2 robe of Inudavoz {rPois rF- Dex+3}
  5071 | D:5      | Learned a level 5 spell: Fireball
  5370 | D:5      | Found a glowing silver altar of Zin.
  5440 | D:5      | Identified the +0 pair of gloves "Isixomu" {rN++ Int+5
                  | Dex-4}
  5478 | D:5      | Noticed Sigmund
  5482 | D:5      | Killed Sigmund
  5483 | D:5      | Reached skill level 9 in Conjurations
  5483 | D:5      | Reached XP level 8. HP: 41/41 MP: 8/15
  5720 | D:6      | Noticed a yak
  5720 | D:6      | Noticed a yak
  5720 | D:6      | Noticed a yak
  5720 | D:6      | Noticed a yak
  5849 | D:6      | Noticed Edmund
  5886 | D:6      | Killed Edmund
  5965 | D:6      | Reached skill level 5 in Air Magic
  6084 | D:6      | Found a glowing drain.
  6094 | Sewer    | Entered a sewer
  6216 | Sewer    | Reached skill level 10 in Conjurations
  6217 | Sewer    | Reached * piety under Vehumet
  6217 | Sewer    | Offered knowledge of Freeze by Vehumet.
  7477 | D:6      | Killed a yak
  7478 | D:6      | Reached skill level 5 in Spellcasting
  7478 | D:6      | Reached skill level 5 in Fire Magic
  7478 | D:6      | Reached XP level 9. HP: 45/45 MP: 11/17
  7555 | D:5      | Reached skill level 11 in Conjurations
  7879 | D:6      | Found Sujuniu's Book Shop.
  7906 | D:6      | Noticed Eustachio
  7915 | D:6      | Killed Eustachio
  8441 | D:7      | Found a sparkling altar of Nemelex Xobeh.
  8472 | D:7      | Found a shadowy altar of Dithmenos.
  8631 | D:7      | Found Koituxta's CLEARANCE SALE!.
  8701 | D:7      | Reached skill level 12 in Conjurations
  8701 | D:7      | Reached ** piety under Vehumet
  8703 | D:7      | Offered knowledge of Poisonous Vapours by Vehumet.
  9191 | D:7      | Found a basalt altar of Yredelemnul.
  9806 | D:8      | Reached XP level 10. HP: 50/50 MP: 13/20
  9926 | D:8      | Offered knowledge of Mephitic Cloud by Vehumet.
 10121 | D:8      | Reached skill level 13 in Conjurations
 10121 | D:8      | Reached *** piety under Vehumet
 10671 | D:8      | Learned a level 4 spell: Iskenderun's Mystic Blast
 10722 | D:8      | Reached skill level 14 in Conjurations
 10723 | D:8      | Offered knowledge of Olgreb's Toxic Radiance by Vehumet.
 11147 | D:8      | Noticed a gargoyle
 11175 | D:8      | Noticed a two-headed ogre
 11566 | D:8      | Killed a two-headed ogre
 11567 | D:8      | Reached XP level 11. HP: 54/54 MP: 14/22
 12046 | D:9      | Found a runed translucent gate.
 12048 | D:9      | Found a runed translucent gate.
 12049 | D:9      | Found a runed translucent gate.
 12073 | D:9      | Noticed Orangeyouglad's ghost (novice HuEE)
 12088 | D:9      | Found a staircase to the Lair.
 12107 | D:9      | Noticed a two-headed ogre
 12107 | D:9      | Found the +6 shillelagh "Devastator" {shatter}
 12115 | D:9      | Killed a two-headed ogre
 12115 | D:9      | Noticed a two-headed ogre
 12119 | D:9      | Killed a two-headed ogre
 12120 | D:9      | Reached skill level 15 in Conjurations
 12121 | D:9      | Reached skill level 10 in Air Magic
 12437 | D:9      | Noticed Psyche
 12442 | D:9      | Killed Psyche
 12527 | D:9      | Learned a level 6 spell: Plasma Beam
 12673 | D:9      | Reached **** piety under Vehumet
 12954 | D:10     | Entered Level 10 of the Dungeon
 13001 | D:10     | Found a sacrificial altar of Ru.
 13206 | D:10     | Noticed Sonja
 13220 | D:10     | Offered knowledge of Yara's Violent Unravelling by Vehumet.
 13240 | D:10     | Noticed a two-headed ogre
 13241 | D:10     | Killed a two-headed ogre
 13242 | D:10     | Reached skill level 16 in Conjurations
 13641 | D:10     | Noticed Erica
 13644 | D:10     | Killed Sonja
 13646 | D:10     | Found a staircase to the Orcish Mines.
 13698 | D:10     | Reached XP level 12. HP: 59/59 MP: 19/25
 13805 | D:10     | Killed Erica
 14097 | D:10     | Noticed Joseph
 14099 | D:10     | Killed Joseph
 14519 | D:10     | Learned a level 6 spell: Starburst
 14568 | Lair:1   | Entered Level 1 of the Lair of Beasts
 14764 | Lair:1   | Noticed a death yak
 14769 | Lair:1   | Killed a death yak
 14770 | Lair:1   | Noticed Nergalle
 14772 | Lair:1   | Killed Nergalle
 14773 | Lair:1   | Reached skill level 17 in Conjurations
 15300 | D:4      | Bought an amulet of faith for 520 gold pieces
 15454 | Lair:1   | Reached skill level 10 in Fire Magic
 16216 | Lair:2   | Found a gate leading to a gauntlet.
 16234 | Gauntlet | Entered a Gauntlet
 16234 | Gauntlet | Found a transporter.
 16234 | Gauntlet | Found a transporter.
 16234 | Gauntlet | Found a runed translucent door.
 16234 | Gauntlet | Found a runed translucent door.
 16240 | Gauntlet | Noticed a death scarab
 16262 | Gauntlet | Found a transporter.
 16266 | Gauntlet | Found a transporter.
 16274 | Gauntlet | Found a transporter.
 16278 | Gauntlet | Found a transporter.
 16287 | Gauntlet | Found a transporter.
 16305 | Gauntlet | Found a transporter.
 16322 | Gauntlet | Found a transporter.
 16326 | Gauntlet | Found a transporter.
 16333 | Gauntlet | Noticed a catoblepas
 16334 | Gauntlet | Found a transporter.
 16338 | Gauntlet | Found a transporter.
 16403 | Gauntlet | Killed a death scarab
 16580 | Gauntlet | Killed a catoblepas
 16581 | Gauntlet | Reached skill level 18 in Conjurations
 16806 | Gauntlet | Reached XP level 13. HP: 44/63 MP: 27/27
 16924 | Gauntlet | Identified the staff of air "Ostil" {rElec Str-5 Int+2
                  | SInv}
 16924 | Gauntlet | Found the ring of the Octopus King {HP+2 MP+9 AC+2 EV+2
                  | SH+2}
 16924 | Gauntlet | Noticed a minotaur
 16932 | Gauntlet | Killed a minotaur
 16948 | Gauntlet | Identified the +1 pair of boots "Mawiat" {rF+ Will- MP+9}
 17569 | Lair:2   | Reached ***** piety under Vehumet
 17659 | Lair:2   | Offered knowledge of Freezing Cloud by Vehumet.
 17765 | Lair:2   | Upgraded the game from 0.30-a0-1157-g2cc9ac7196 to
                  | 0.30-a0-1160-g6e42c06551
 17942 | Lair:2   | Found a hole to the Spider Nest.
 19104 | Lair:3   | Reached skill level 19 in Conjurations
 19268 | Lair:3   | Found the +4 Cigotuvi's embrace {Corpsefed rMiasma Drain
                  | rN+}
 19472 | Lair:3   | Found a staircase to the Swamp.
 20171 | Lair:4   | Reached skill level 10 in Spellcasting
 20176 | Lair:4   | Offered knowledge of Sticky Flame by Vehumet.
 21261 | Lair:5   | Entered Level 5 of the Lair of Beasts
 21265 | Lair:5   | Reached XP level 14. HP: 68/68 MP: 24/29
 21275 | Lair:5   | HP: 3/70 [cane toad (6)]
 21275 | Lair:5   | Slain by a komodo dragon

Illustrated notes

Levels and vault maps discovered:
D:1:      nicolae_arrival_somewhat_less_tricky_arrival, layout_rooms,
          minmay_tromino_v7
D:2:      layout_basic, serial_bayou_pond_d, serial_bayou_pond_e
D:3:      layout_rooms, worldfamousw_hep_ancestral_shrine, minmay_crystal_room
D:4:      layout_loops_ring, minmay_temple_entry_purple_smoke, serial_shops,
          shop, grunt_decor_arrowhead, amcnicky_mini_rare_corridor_liquid,
          nicolae_wooded_promenade, kennysheep_windowed_goal
D:5:      layout_basic, zin_scriptorium, nicolae_overflow_two_pavilions,
          uniq_sigmund
D:6:      nicolae_cairo_tiling_large_dashed, layout_basic, serial_shops,
          nicolae_shop_hallway_stairs, portal_sewer_entry_b, uniq_edmund,
          uniq_eustachio
D:7:      layout_loops_cross, overflow_temple_1_default, jmf_multi_god_temple,
          minmay_misc_feat_nine_boxes, nicolae_shop_clearance
D:8:      minmay_spotlight, layout_layer_cave, minmay_alternating_orb
D:9:      layout_roguey, dpeg_oklobed_lair, gammafunk_ghost_icy,
          dilly_guarded_unrand_devastator, uniq_psyche
D:10:     layout_roguey, nicolae_ru_awakened_eye, erik_orc_4, uniq_sonja,
          uniq_joseph, uniq_erica
Temple:   dpeg_chambers_temple
Lair:1:   layout_regular_city, wad_woods_06, uniq_nergalle
Lair:2:   layout_roguey, spider_nest_entry_a, gauntlet_entry_generic,
          minmay_stone_trees_small, nicolae_quartered_pool_super,
          guppyfry_lair_drakes
Lair:3:   nzn_winding_woodlands_stair_trap [nzn_winding_woodlands_5x15_twine,
          nzn_winding_woodlands_5x15_parted,
          nzn_winding_woodlands_5x15_longhouse,
          nzn_winding_woodlands_15x15_eel_pit,
          nzn_winding_woodlands_5x15_default,
          nzn_winding_woodlands_5x15_default, nzn_winding_woodlands_5x15_eye],
          layout_layer_cave, minmay_swamp_entry_swarm
Lair:4:   layout_cave_pods, grunt_megastairs_5
Lair:5:   evil_forest, layout_regular_city, minmay_slime_entry_jelly_boxes,
          infiniplex_staircase_pool_2

Skill      XL: |  1  2  3  4  5  6  7  8  9 10 11 12 13 14 |
---------------+-------------------------------------------+-----
Conjurations   | 6 7 8 9 10 12 14 16 18 19 | 19.8
Air Magic      | 1 2 3 4 6 7 9 10 12 13 | 13.5
Fire Magic     | 1 2 3 5 6 7 9 10 11 | 11.7
Spellcasting   | 3 4 5 6 7 8 9 10 | 10.2
Dodging        | 3 |  3.0
Stealth        | |  2.0

Action                     |  1- 3 |  4- 6 |  7- 9 | 10-12 | 13-15 || total
---------------------------+-------+-------+-------+-------+-------++-------
  Melee: Dagger            |     1 |       |       |       |       ||     1
         Whip              |     1 |       |    11 |     1 |       ||    13
         Kick              |       |       |     5 |     4 |       ||     9
         Peck              |       |       |     5 |     3 |       ||     8
         Long sword        |       |       |       |     9 |       ||     9
   Cast: Magic Dart        |    37 |    56 |    77 |    73 |    15 ||   258
         Searing Ray       |     5 |    23 |    75 |    74 |    24 ||   201
         Fireball          |       |       |     1 |    44 |    17 ||    62
         Iskenderun's Myst |       |       |       |    24 |    31 ||    55
         Plasma Beam       |       |       |       |    23 |    43 ||    66
         Starburst         |       |       |       |       |     2 ||     2
    Use: Scroll            |     1 |     8 |     6 |     7 |     3 ||    25
         Potion            |       |       |       |     4 |       ||     4
 Armour: Robe              |       |     1 |    11 |    21 |     3 ||    36
         Leather armour    |       |       |       |       |    15 ||    15
  Dodge: Dodged            |     6 |     8 |    47 |    69 |    14 ||   144
  Block: Orb               |       |       |       |       |     1 ||     1

Table legend: (Time is in decaauts)
 A = Elapsed time spent in this place.
 B = Non-inter-level travel time spent in this place.
 C = Inter-level travel time spent in this place.
 D = Time resting spent in this place.
 E = Time spent auto-exploring this place.
 F = Levels seen in this place.
 G = Mean time per level.
                   A        B        C        D        E       F      G
               +--------+--------+--------+--------+--------+-----+--------+
         Total |  20252 |  19152 |   1100 |   3561 |  12516 |  18 | 1125.1 |
       Dungeon |  12905 |  12154 |    751 |   1931 |   8231 |  10 | 1290.5 |
        Temple |    220 |    185 |     35 |      0 |    172 |   1 |  220.0 |
          Lair |   5173 |   4860 |    313 |   1253 |   3030 |   5 | 1034.6 |
         Sewer |   1035 |   1035 |      0 |     82 |    764 |   1 | 1035.0 |
      Gauntlet |    917 |    917 |      0 |    294 |    317 |   1 |  917.0 |
               +--------+--------+--------+--------+--------+-----+--------+

Top non-repeatable levels by time:
     D:8: 2264 daAuts
  Lair:3: 1692 daAuts
     D:2: 1584 daAuts
     D:9: 1337 daAuts
     D:5: 1315 daAuts
    D:10: 1281 daAuts
     D:6: 1237 daAuts
     D:4: 1234 daAuts
  Lair:1: 1221 daAuts
     D:7: 1219 daAuts
  Lair:2: 1211 daAuts
   Sewer: 1035 daAuts
  Lair:4: 1030 daAuts
Gauntlet: 917 daAuts
     D:1: 717 daAuts
